 Dungeon Crawl Stone Soup version 0.30.0-17-ge0270778cf (webtiles) character file.

Game seed: 8594245040028613550

67 zeram the Ducker (level 3, -9/19 HPs)
             Began as a Spriggan Fighter on May 23, 2023.
             Killed by divine providence
             ... invoked by an orc priest
              (13 damage)
             ... on level 3 of the Dungeon.
             The game lasted 00:02:40 (1514 turns).

zeram the Ducker (Spriggan Fighter)                 Turns: 1514, Time: 00:02:41

Health: -9/19      AC:  2    Str: 12    XL:     3   Next: 98%
Magic:  4/4        EV: 18    Int: 11    God:
Gold:   81         SH:  4    Dex: 14    Spells: 2/2 levels left

rFire   . . .        a - +0 rapier
rCold   . . .        c - +0 buckler
rNeg    . . .        b - +0 robe
rPois   .            (helmet restricted)
rElec   .            (no cloak)
rCorr   .            (gloves unavailable)
SInv    +            (boots unavailable)
Will    .....        (no amulet)
Stlth   +            (no ring)
HPRegen 0.23/turn    (no ring)
MPRegen 0.09/turn

%: no passive effects
@: very quick
A: very small, no large weapons, unfitting armour, see invisible, speed 3
a: no special abilities


You were on level 3 of the Dungeon.
You visited 1 branch of the dungeon, and saw 4 of its levels.

You collected 81 gold pieces.

Inventory:

Hand Weapons
 a - a +0 rapier (weapon)
Armour
 b - a +0 robe (worn)
 c - a +0 buckler (worn)
Jewellery
 g - an amulet of magic regeneration
Scrolls
 d - a scroll of enchant weapon {unknown}
 f - a scroll of enchant armour {unknown}
 i - 3 scrolls of amnesia
Potions
 e - a potion of curing {unknown}
 h - a potion of ambrosia
 j - a potion of resistance {unknown}
 k - a potion of mutation {unknown}


   Skills:
 - Level 2.4 Fighting
 + Level 3.3 Short Blades
 + Level 4.9 Dodging
 + Level 0.3 Stealth
 + Level 2.7 Shields


You had 2 spell levels left.
You didn't know any spells.
Your spell library was empty.

Dungeon Overview and Level Annotations

Branches:
Dungeon (4/15)
 Temple: D:4-7

Altars:

Shops:
D:1 *


Innate Abilities, Weirdness & Mutations

You are very small and have problems with some larger weapons.
You are too small for most types of armour.
You have supernaturally acute eyesight. (SInv)
You cover ground extremely quickly. (Speed+++)


Message History

You see here a scroll labelled RUGHUPHOQIP.
Unknown command.
Unknown command.
Okay, then.
The orc priest shouts!
The orc priest begins to cast a cantrip, but forgets the words!
You hit the orc priest.
The orc priest is moderately wounded.
The orc priest misses you.
You hit the orc priest.
The orc priest is moderately wounded.
The orc closely misses you.
The orc wizard casts a spell.
The orc wizard flickers and vanishes for a moment.
Unknown command.
You barely miss the orc priest.
The orc priest is moderately wounded.
The orc misses you. You block the orc priest's attack.
The orc priest casts a cantrip, but nothing happens.
Unknown command.
You hit the orc priest.
The orc priest is heavily wounded.
The orc closely misses you.
The orc priest mumbles some strange prayers to Beogh against you.
Beogh smites you!
Unknown command.
You hit the orc priest.
The orc priest is severely wounded.
The orc closely misses you. The orc priest closely misses you.
The orc wizard misses you.
Unknown command.
You hit the orc priest.
You kill the orc priest!
The orc hits you with a +0 hand axe.
* * * LOW HITPOINT WARNING * * *
The orc wizard barely misses you.
The orc priest calls down the wrath of Beogh upon you.
Beogh smites you!
Ouch! That really hurt!
You die...

..o..<##
#.........#
.....##
#.........#
.#####
#.........# .
#.!.......# #
#.........#
#.........#
#...o...#
######oo)...#
.......@#####
####....#
#...#.#
#....##.#
..##. #.# # #
#.# #.# #.#
#.#


You could see an orc priest, an orc wizard (invisible) and an orc.

Vanquished Creatures
  An orc priest (D:3)
  2 adders
  4 dart slugs
  2 orcs (D:3)
  2 ball pythons
  2 endoplasms (D:1)
  A giant cockroach (D:1)
  4 hobgoblins
  A quokka (D:3)
  4 bats
  2 frilled lizards
  6 goblins
  4 kobolds
  5 rats
40 creatures vanquished.

Notes
Turn   | Place    | Note
-------+----------+-------------------------------------------
     0 | D:1      | zeram the Spriggan Fighter began the quest for the Orb.
     0 | D:1      | Reached XP level 1. HP: 11/11 MP: 2/2
   187 | D:1      | Reached XP level 2. HP: 16/16 MP: 3/3
   633 | D:1      | Found Efexo's Assorted Antiques.
   927 | D:2      | Reached XP level 3. HP: 8/19 MP: 4/4
  1514 | D:3      | Killed from afar by an orc priest

Illustrated notes

Levels and vault maps discovered:
D:1:      minmay_arrival_loop, layout_basic, serial_shops, shop,
          chequers_arboretum, minmay_pentomino_x2
D:2:      wad_lake_hut, layout_rooms, minmay_statues_item, minmay_puff,
          uniq_sigmund, uniq_jessica
D:3:      layout_rooms, nicolae_shop_vocational
D:4:      layout_rooms

Skill      XL: |  1  2  3 |
---------------+----------+-----
Short Blades   | 3 |  3.3
Fighting       | |  2.4
Dodging        | |  4.9
Stealth        | |  0.3
Shields        | |  2.7

Action                     || total
---------------------------++-------
  Melee: Rapier            ||   155
    Use: Scroll            ||     3
         Potion            ||     2
   Stab: Sleeping          ||     1
 Armour: Robe              ||    17
  Dodge: Dodged            ||   127
  Block: Buckler           ||    29
